 Seeded DCSS version 0.31-a0-664-g902f515a81 (webtiles) character file.

Game seed: 8226958467842168542 (custom seed)

112 demibob the Poker (level 4, 35/35 HPs)
             Began as a Demonspawn Chaos Knight on Sept 3, 2023.
             Was a Plaything of Xom.
             Quit the game on level 2 of the Dungeon.
             The game lasted 00:02:22 (1466 turns).

demibob the Poker (Demonspawn Chaos Knight)         Turns: 1466, Time: 00:02:23

Health: 35/35      AC:  5    Str: 14    XL:     4   Next: 64%
Magic:  4/4        EV: 11    Int: 14    God:    Xom [..*...]
Gold:   86         SH:  0    Dex: 12    Spells: 3/3 levels left

rFire   . . .        a - +0 spear (chaos)
rCold   . . .        (no shield)
rNeg    . . .        b - +2 leather armour
rPois   .            (helmet restricted)
rElec   .            (no cloak)
rCorr   .            (no gloves)
SInv    .            (no boots)
Will    .....        (no amulet)
Stlth   +            (no ring)
HPRegen 0.25/turn    (no ring)
MPRegen 0.09/turn

%: no passive effects
@: about to teleport
A: antennae 1, weakness stinger 1
a: Renounce Religion


You were on level 2 of the Dungeon.
You worshipped Xom.
You were a toy of Xom.
You visited 1 branch of the dungeon, and saw 2 of its levels.

You collected 86 gold pieces.


Innate Abilities, Weirdness & Mutations

You have a pair of small antennae on your head.
You have a small tail.


   Skills:
 - Level 3.0 Fighting
 - Level 3.4 Polearms
 - Level 1.7 Armour
 - Level 0.8 Dodging
 * Level 3.3 Unarmed Combat


You had 3 spell levels left.
You didn't know any spells.
Your spell library contained the following spells:

 Spells                   Type           Power      Damage    Failure   Level
 Sandblast                Erth           0%         2d4       34%         1
 Passwall                 Tmut/Erth      0%         N/A       47%         2
 Hailstorm                Conj/Ice       0%         3d3       71%         3
 Stone Arrow              Conj/Erth      0%         3d7       71%         3
 Summon Ice Beast         Ice/Summ       0%         N/A       98%         4
 Simulacrum               Ice/Necr       0%         N/A       100%        6

Inventory:

Hand Weapons
 a - a +0 spear of chaos (weapon)
 f - a +1 demon trident of draining
Armour
 b - a +2 leather armour (worn)
Magical Staves
 j - a staff of earth {!a}
Scrolls
 c - a scroll of butterflies
 e - a scroll of blinking {unknown}
 g - a scroll of teleportation {@r2}
 k - a scroll of acquirement
 l - a scroll of amnesia
 m - 3 scrolls of identify {unknown}
Potions
 d - a potion of heal wounds {unknown}
 h - a potion of mutation {unknown}
 i - a potion of lignification {unknown}

Dungeon Overview and Level Annotations

Branches:
Dungeon (2/15)

Altars:

##### #..#.#
'...###..#.#
###.#....#.##### #
#.#.#..#.....# #
#.#...######.###
###...##...# #...#
....#.##.#.# ###.#
###.#.##.#.###
#.####
###.#..#.#.#<#
#@...#
#...##.#.#.#.#
###.##
.......#.#.#.#####.#
##.#####.#.#.......#
)........#.#..######
##.........#..###
###########....#
#)....#.#
#.#####.####


There were no monsters in sight!


Message History

No target in view!
No target in view!
No target in view!
No target in view!
No target in view!
You open the door.
There is an open door here.
Found a stone staircase leading down.
g - 2 scrolls labelled SILELEAGOG (gained 1)
You open the door.
There is an open door here.
There is an open door here.
You see here a +0 robe.
As you open the door, it creaks loudly!
There is an open door here.
You open the door.
There is an open door here.
There is a stone staircase leading down here.
You see here a +0 trident.
Done exploring.
Done exploring.
As you read the scroll labelled GYINUJ ZOEMI, it crumbles to dust.
It is a scroll of amnesia.
You feel forgetful for a moment.
As you read the scroll labelled SILELEAGOG, it crumbles to dust.
You feel strangely unstable.
It was a scroll of teleportation.
This is a scroll of acquirement!
Something appears at your feet!
f - a +1 demon trident of draining Are you sure you want to abandon this character and quit the game? (Confirm with "yes".)

Skill      XL: |  1  2  3  4 |
---------------+-------------+-----
Polearms       | 3 |  3.4
Unarmed Combat | 1 2 3 |  3.3
Fighting       | |  3.0
Armour         | |  1.7
Dodging        | |  0.8

Action                     |  1- 3 |  4- 6 || total
---------------------------+-------+-------++-------
  Melee: Spear             |   160 |    75 ||   235
         Punch             |     3 |     2 ||     5
         Tailslap          |       |    11 ||    11
    Use: Scroll            |       |     3 ||     3
         Potion            |       |     3 ||     3
   Stab: Sleeping          |     1 |     1 ||     2
         Invisible         |       |     2 ||     2
 Armour: Leather armour    |    89 |    45 ||   134
  Dodge: Dodged            |    81 |    32 ||   113

Levels and vault maps discovered:
D:1:      psy_arrival_statuary, layout_rooms
D:2:      layout_basic, uniq_robin

Notes
Turn   | Place    | Note
-------+----------+-------------------------------------------
     0 | D:1      | demibob the Demonspawn Chaos Knight began the quest for the
                  | Orb.
     0 | D:1      | Reached XP level 1. HP: 18/18 MP: 1/1
    68 | D:1      | XOM: silly message
    96 | D:1      | Reached skill level 3 in Polearms
    96 | D:1      | You feel monstrous as your demonic heritage exerts itself.
    96 | D:1      | Discovered your monstrous ancestry.
    96 | D:1      | Gained mutation: You have a pair of small antennae on your
                  | head. [demonic ancestry]
    96 | D:1      | Reached XP level 2. HP: 14/24 MP: 2/2
   224 | D:1      | Reached skill level 1 in Unarmed Combat
   242 | D:1      | XOM: 6-stop teleportation journey
   348 | D:1      | Reached XP level 3. HP: 29/29 MP: 3/3
   558 | D:2      | XOM: 2-stop teleportation journey
   566 | D:2      | XOM: confuse monster(s)
   571 | D:2      | Reached skill level 2 in Unarmed Combat
   746 | D:2      | XOM: silly message
   902 | D:2      | Gained mutation: You have a small tail. [demonic ancestry]
   902 | D:2      | Reached XP level 4. HP: 35/35 MP: 4/4
   907 | D:2      | Noticed Robin
   915 | D:2      | XOM: potion effect (invisibility)
   925 | D:2      | Killed Robin
   938 | D:2      | Reached skill level 3 in Unarmed Combat
  1464 | D:2      | Identified 2 scrolls of acquirement
  1464 | D:2      | Acquired a +1 demon trident of draining
  1466 | D:2      | Quit the game

Vanquished Creatures
  Robin (D:2)
  2 adders (D:2)
  A gnoll (D:1)
  2 worms (D:2)
  5 ball pythons
  2 bats (D:1)
  4 endoplasms
  14 goblins
  6 hobgoblins
  11 jackals
  3 quokkas
  A frilled lizard (D:2)
  2 kobolds (D:1)
  8 rats
62 creatures vanquished.

Table legend: (Time is in decaauts)
 A = Elapsed time spent in this place.
 B = Non-inter-level travel time spent in this place.
 C = Inter-level travel time spent in this place.
 D = Time resting spent in this place.
 E = Time spent auto-exploring this place.
 F = Levels seen in this place.
 G = Mean time per level.
                   A        B        C        D        E       F      G
               +--------+--------+--------+--------+--------+-----+--------+
         Total |   1449 |   1443 |      6 |      0 |   1103 |   2 |  724.5 |
       Dungeon |   1449 |   1443 |      6 |      0 |   1103 |   2 |  724.5 |
               +--------+--------+--------+--------+--------+-----+--------+

Top non-repeatable levels by time:
     D:2: 941 daAuts
     D:1: 507 daAuts

Table legend:
 A = Non-vault XP
 B = Vault XP
 C = Vault XP percentage of total XP
 D = Non-vault monster count
 E = Vault monster count
 F = Vault count percentage of total count
                 A         B        C        D         E       F
            +---------+---------+-------+---------+---------+-------
      Total |     127 |      34 |  21.1 |      50 |      12 |  19.4
            +---------+---------+-------+---------+---------+-------
        D:1 |      56 |       0 |   0.0 |      26 |       0 |   0.0
        D:2 |      71 |      34 |  32.4 |      24 |      12 |  33.3
            +---------+---------+-------+---------+---------+-------
